AoeStats
← 知耻而后勇喜笑颜开

Arabia

508619066Analyzed
1v1 RM · 9d ago on Sep 23, 2026· 42m 50s· 2 players
Game mode
Random Map
Map size
Tiny (2 player)
Population
200
Speed
Normal
Resources
Standard
Victory
Conquest
Starting age
Dark Age
Ending age
Imperial Age
RankedLock teamsTeams togetherTeam positionsShared explorationLock speedFull tech treeHidden civsTurbo modeCheats
Victory
Defeat
1398
+15
🇨🇳 Lithuanians · China
1384
-15
1175****64
5:40 Loom
8:57 Feudal Age
10:18 Double-Bit Axe
18:18 Scale Barding Armor
19:55 Wheelbarrow
19:44 Forging
23:37 Castle Age
22:08 Bloodlines
21:59 Gold Mining
24:06 Horse Collar
24:37 Bow Saw
24:49 Chain Barding Armor
25:05 Iron Casting
25:58 Light Cavalry
28:20 Husbandry
31:41 Devotion
32:49 Town Watch
37:15 Imperial Age
38:05 Hand Cart
37:18 Cavalier
38:47 Plate Barding Armor
40:03 Fletching
知耻而后勇喜笑颜开
8:56 Feudal Age
9:24 Double-Bit Axe
9:26 Loom
10:25 Wheelbarrow
17:36 Forging
19:37 Castle Age
18:11 Scale Barding Armor
18:38 Gold Mining
18:29 Horse Collar
20:03 Fletching
20:07 Light Cavalry
20:49 Husbandry
21:01 Bow Saw
21:21 Heavy Plow
23:20 Gold Shaft Mining
22:39 Stone Mining
24:53 Fervor
25:37 Town Watch
26:59 Hand Cart
28:50 Bodkin Arrow
29:17 Ballistics
29:44 Squires
33:19 Imperial Age
32:52 Guard Tower
32:42 Treadmill Crane
33:13 Masonry
33:15 Murder Holes
34:27 Bracer
34:39 Scale Mail Armor
36:30 Chain Mail Armor
37:20 Conscription
37:23 Coiled Serpent Array
38:25 Plate Mail Armor
39:24 Chemistry
39:45 Hoardings
39:14 Pikeman
41:19 Two-Man Saw
40:54 Siege Engineers
41:19 Architecture
41:14 Halberdier
41:27 Elite White Feather Guard
41:37 Elite White Feather Guard
Connection lost

Rejoining the realm…

Still unreachable

The connection could not be restored.

Session expired

The server has moved on; the page needs a fresh start.